 Dungeon Crawl Stone Soup version 0.19-a0-1365-gb34f4cb (webtiles) character file.

106 Amnesiac the Grave Robber (level 4, 0/24 HPs)
             Began as a Deep Elf Necromancer on Sept 3, 2016.
             Slain by a centaur skeleton (4 damage)
             ... on level 4 of the Dungeon.
             The game lasted 00:03:27 (1212 turns).

Amnesiac the Grave Robber (Deep Elf Necromancer)    Turns: 1212, Time: 00:03:28

Health: 0/24       AC:  3    Str:  5    XL:     4   Next: 55%
Magic:  12/12      EV: 12    Int: 22    God:
Gold:   113        SH:  0    Dex: 16    Spells: 2 memorised, 7 levels left

rFire  . . .     SeeInvis .     o - +0 dagger (venom)
rCold  . . .     Gourm    .     a - +0 robe
rNeg   . . .     Faith    .     (no shield)
rPois  .         Spirit   .     q - +0 helmet
rElec  .         Dismiss  .     (no cloak)
rCorr  .         Reflect  .     (no gloves)
MR     .....     Harm     .     (no boots)
Stlth  ++........               m - amulet of magic regeneration
                                (no ring)
                                u - +2 ring of intelligence

@: heavily drained
A: no striking features
a: no special abilities


You were on level 4 of the Dungeon.
You were not hungry.

You visited 1 branch of the dungeon, and saw 4 of its levels.

You collected 113 gold pieces.

Inventory:

Hand Weapons
 o - a +0 dagger of venom (weapon)
Armour
 a - a +0 robe (worn)
 f - a +0 leather armour of fire resistance
 q - a +0 helmet (worn)
Jewellery
 m - an amulet of magic regeneration (around neck)
 t - an uncursed amulet of harm
 u - a +2 ring of intelligence (left hand)
Scrolls
 d - a scroll of recharging {unknown}
 h - 4 scrolls of identify {unknown}
 k - 3 scrolls of fear {unknown}
 l - 2 scrolls of noise {unknown}
 p - 2 scrolls of remove curse {unknown}
Potions
 e - 3 potions of resistance {unknown}
 g - a potion of beneficial mutation {unknown}
 i - a potion of haste {unknown}
 j - a potion of flight {unknown}
 n - a potion of berserk rage {unknown}
 s - a potion of lignification {unknown}
Books
 b - a book of Necromancy

   Spells                             Type                      Level
   a - Pain                           Necromancy                   1
   b - Animate Skeleton               Necromancy                   1
   c - Vampiric Draining              Necromancy                   3
   d - Regeneration                   Charms/Necromancy            3
   e - Animate Dead                   Necromancy                   4
   f - Control Undead                 Necromancy                   4
Comestibles
 c - a bread ration
 r - 6 chunks of flesh


   Skills:
 - Level 2.4(0.8) Dodging
 - Level 2.4(0.8) Stealth
 + Level 4.3(2.6) Spellcasting
 * Level 6.6(4.8) Necromancy


You had 7 spell levels left.
You knew the following spells:

 Your Spells              Type           Power        Failure   Level  Hunger
f - Vampiric Draining     Necr           ###.......   8%          3    ###....
z - Pain                  Necr           ###.         1%          1    None


Dungeon Overview and Level Annotations

Branches:
Dungeon (4/15)
 Temple: D:4-7

Altars:
Xom


Message History

The centaur skeleton hits you.
You hit the centaur skeleton but do no damage.
The centaur skeleton is lightly damaged.
The centaur skeleton misses you. The centaur skeleton hits you.
You hit the centaur skeleton.
The centaur skeleton is moderately damaged.
The centaur skeleton barely misses you.
You hit the centaur skeleton.
The centaur skeleton is moderately damaged.
The centaur skeleton barely misses you.
You hit the centaur skeleton.
The centaur skeleton is moderately damaged.
The centaur skeleton hits you!
* * * LOW HITPOINT WARNING * * *
The centaur skeleton hits you.
* * * LOW HITPOINT WARNING * * *
You hit the centaur skeleton.
The centaur skeleton is moderately damaged.
The centaur skeleton hits you.
You die...

#.## #..### #....
#.... #....####
##..# #.......##
#..## .<.......#
##...# ...[.....#
#....## #.......#
##.....#
######..####..##..#
##...Z@####.##
###..## ##.# ####
##..# ### ##..## ..
...# ##..## # #...
##..##
#..########...# ##
#............# .##
#...........##


You could see a centaur skeleton.

Vanquished Creatures
  A worker ant (D:4)
  A hound skeleton (D:4)
  A gnoll (D:1)
  2 adders
  An ooze (D:1)
  An adder skeleton (D:4)
  2 dart slugs (D:1)
  A giant gecko (D:4)
  4 bats
  3 giant cockroaches
  2 goblins (D:2)
  7 hobgoblins
  3 kobolds
  3 rats
32 creatures vanquished.

Notes
Turn   | Place    | Note
-------+----------+-------------------------------------------
     0 | D:1      | Amnesiac the Deep Elf Necromancer began the quest for the Orb.
     0 | D:1      | Reached XP level 1. HP: 10/10 MP: 6/6
    50 | D:1      | Reached skill level 5 in Necromancy
   185 | D:1      | Reached XP level 2. HP: 11/15 MP: 6/8
   505 | D:1      | Reached XP level 3. HP: 15/19 MP: 5/10
   510 | D:1      | Learned a level 3 spell: Vampiric Draining
   718 | D:2      | Found a shimmering altar of Xom.
   792 | D:2      | Reached skill level 6 in Necromancy
  1043 | D:4      | Reached XP level 4. HP: 21/24 MP: 8/12
  1212 | D:4      | Slain by a centaur skeleton

Vault maps used:
D:1:      minmay_arrival_shattered_statue
D:2:      xom_redecorated, ecumenical_altar_1, minmay_misc_feat_pillars,
          uniq_iyjb
D:4:      first_bread

Skill      XL: |  1  2  3 |
---------------+----------+-----
Necromancy     | 5 6 |  6.6
Spellcasting   | 4 |  4.3
Dodging        | |  2.4
Stealth        | |  2.4

Action                   |  1- 3 |  4- 6 || total
-------------------------+-------+-------++-------
Melee: Dagger            |    15 |    18 ||    33
 Cast: Pain              |    40 |     6 ||    46
       Vampiric Draining |     2 |       ||     2
 Stab: Sleeping          |       |     1 ||     1
  Eat: Chunk             |       |     1 ||     1
Armor: Robe              |     4 |     4 ||     8
Dodge: Dodged            |    10 |    11 ||    21
